[Event "ICC tourney 1953 (60 10)"]
[Site "Internet Chess Club"]
[Date "2020.08.08"]
[Round "5"]
[White "LW-PE"]
[Black "fastturle"]
[Result "0-1"]
[ICCResult "White resigns"]
[WhiteElo "1548"]
[BlackElo "2156"]
[Opening "Sicilian: Taimanov variation"]
[ECO "B49"]
[NIC "SI.40"]
[Time "15:22:08"]
[TimeControl "3600+10"]

1. e4 c5 2. Nf3 Nc6 3. d4 cxd4 4. Nxd4 e6 5. Nc3 Qc7 6. Be3 a6 7. Be2 Nf6 8.
O-O Bb4 9. f3 d5 10. exd5 exd5 11. Nb3 Be6 12. Qc1 Rd8 13. Nd4 O-O 14. Kh1
Ne5 15. Bg5 Be7 16. f4 Nc4 17. f5 Bc8 18. Rf3 Qe5 19. Rd3 Ne4 20. Nxe4 dxe4
21. Rg3 Bxg5 22. Qf4 {White resigns} 0-1

[Event "ICC tourney 1953 (60 10)"]
[Site "Internet Chess Club"]
[Date "2020.08.08"]
[Round "5"]
[White "PawnGrubber21"]
[Black "Rafael"]
[Result "0-1"]
[ICCResult "White resigns"]
[WhiteElo "1765"]
[BlackElo "2201"]
[Opening "Pirc defense"]
[ECO "B07"]
[NIC "PU.08"]
[Time "15:21:14"]
[TimeControl "3600+10"]

1. e4 d6 2. d4 Nf6 3. Nc3 Nbd7 4. Nf3 g6 5. Be3 Bg7 6. h3 O-O 7. Bc4 Nb6 8.
Bb3 e6 9. O-O h6 10. Qd3 Kh7 11. Ne2 d5 12. Ng3 dxe4 13. Nxe4 Nbd5 14. Nxf6+
Nxf6 15. Rfe1 b6 16. Bd2 a5 17. c4 c5 18. Bc3 Bb7 19. Rad1 Qc7 20. Ne5 Nd7
21. Nxg6 fxg6 22. Rxe6 Nf6 23. d5 Qf7 24. Rde1 Rae8 25. Bc2 Bc8 26. Rxb6
Rxe1+ 27. Bxe1 Bf5 28. Qe2 Re8 29. Re6 Bxe6 30. dxe6 Qxe6 {White resigns}
0-1

[Event "ICC tourney 1953 (60 10)"]
[Site "Internet Chess Club"]
[Date "2020.08.08"]
[Round "5"]
[White "phoenix10q72"]
[Black "PrudentPatzer"]
[Result "1-0"]
[ICCResult "Black resigns"]
[WhiteElo "2270"]
[BlackElo "2077"]
[Opening "Bishop's opening: Berlin defense"]
[ECO "C24"]
[NIC "IG.04"]
[Time "15:21:16"]
[TimeControl "3600+10"]

1. e4 e5 2. Bc4 Nf6 3. d3 c6 4. Nf3 d5 5. Bb3 a5 6. a3 a4 7. Ba2 Bd6 8. Nc3
Be6 9. Bg5 d4 10. Ne2 Bxa2 11. Rxa2 O-O 12. O-O Re8 13. Ng3 c5 14. c3 Nc6
15. Ra1 Bf8 16. Qe2 Na5 17. c4 Nb3 18. Rad1 b5 19. cxb5 Rb8 20. h3 Rxb5 21.
Nh2 Qb6 22. f4 c4 23. Bxf6 Qxf6 24. dxc4 Rc5 25. Ng4 Qb6 26. fxe5 Rcxe5 27.
Qf2 R5e7 28. e5 Qe6 29. Nf5 Rc7 30. Qg3 Kh8 31. Nd6 Bxd6 32. exd6 Rxc4 33.
Rde1 Qc8 34. Ne5 Rxe5 35. Qxe5 Qg8 36. d7 {Black resigns} 1-0

[Event "ICC tourney 1953 (60 10)"]
[Site "Internet Chess Club"]
[Date "2020.08.08"]
[Round "5"]
[White "YKQ"]
[Black "olomi007"]
[Result "0-1"]
[ICCResult "White resigns"]
[WhiteElo "2536"]
[BlackElo "2692"]
[Opening "Queen's pawn: London system"]
[ECO "A45"]
[NIC "QP.07"]
[Time "15:21:25"]
[TimeControl "3600+10"]

1. d4 Nf6 2. Bf4 d5 3. e3 e6 4. Nd2 Bd6 5. Bg3 O-O 6. Bd3 c5 7. c3 Nc6 8.
Ngf3 b6 9. Qe2 h6 10. Rd1 Bb7 11. e4 Bxg3 12. hxg3 cxd4 13. cxd4 dxe4 14.
Nxe4 Nb4 15. Nxf6+ Qxf6 16. Bb1 Rfd8 17. Rh4 g5 18. Rh2 Bxf3 19. Qxf3 Qxf3
20. gxf3 Kg7 21. Ke2 Rac8 22. Rdh1 Rxd4 23. Rxh6 Rcd8 24. Rh7+ Kf6 25. R1h6+
Ke7 26. Bg6 Rd2+ 27. Kf1 Rf8 28. a3 Nd5 29. Be4 Nf6 30. Rg7 g4 31. b4 Rc8
32. Bb7 Rc1+ 33. Kg2 Rcc2 34. fxg4 Rxf2+ 35. Kg1 Rfd2 36. Ba6 Rc1+ 37. Bf1
Rdd1 38. g5 Rxf1+ 39. Kg2 Ng4 {White resigns} 0-1

[Event "ICC tourney 1953 (60 10)"]
[Site "Internet Chess Club"]
[Date "2020.08.08"]
[Round "5"]
[White "binomialfactor"]
[Black "MichaelIC"]
[Result "1-0"]
[ICCResult "Black resigns"]
[WhiteElo "2245"]
[BlackElo "2130"]
[Opening "QGD: exchange, positional line"]
[ECO "D35"]
[NIC "QO.16"]
[Time "15:21:19"]
[TimeControl "3600+10"]

1. d4 e6 2. c4 Nf6 3. Nc3 d5 4. cxd5 exd5 5. Bg5 Be7 6. e3 c6 7. Bd3 Nbd7 8.
Nge2 Nh5 9. Bxe7 Qxe7 10. Qd2 g6 11. O-O O-O 12. Rfe1 f5 13. Rad1 Ndf6 14.
f3 Re8 15. Nc1 Qd6 16. Be2 b6 17. Nd3 Nd7 18. Nf2 Nhf6 19. Bf1 Bb7 20. e4
fxe4 21. fxe4 dxe4 22. Nfxe4 Nxe4 23. Bc4+ Kh8 24. Nxe4 Qf8 25. Rf1 Qe7 26.
Ng5 Nf6 27. Rde1 Qg7 28. Nf7+ Kg8 29. Nd8+ {Black resigns} 1-0

[Event "ICC tourney 1953 (60 10)"]
[Site "Internet Chess Club"]
[Date "2020.08.08"]
[Round "5"]
[White "slugger"]
[Black "KRIPRI"]
[Result "0-1"]
[ICCResult "White checkmated"]
[WhiteElo "2335"]
[BlackElo "2220"]
[Opening "QGD Slav: 4.e3"]
[ECO "D11"]
[NIC "QP.09"]
[Time "15:22:00"]
[TimeControl "3600+10"]

1. Nf3 d5 2. d4 Nf6 3. c4 c6 4. e3 a6 5. Nc3 b5 6. cxd5 cxd5 7. Bd3 e6 8.
O-O Bd6 9. Ne5 O-O 10. f4 Bb7 11. Bd2 Ne4 12. Qc2 f5 13. Be1 Nd7 14. a4 b4
15. Nxe4 fxe4 16. Be2 Nxe5 17. fxe5 Rxf1+ 18. Bxf1 Be7 19. a5 Qd7 20. Rc1
Rc8 21. Qd1 Rc7 22. Rxc7 Qxc7 23. Qg4 Bc8 24. h4 Qxa5 25. h5 Bd7 26. Bh4 Bf8
27. Kh2 b3 28. Be2 Qd2 29. Bxa6 Qxb2 30. Bb5 Bxb5 31. Qxe6+ Kh8 32. Qf7 Qa3
33. e6 Bd6+ 34. g3 Qb2+ 35. Kh3 Qe2 36. Qb7 Qf1+ 37. Kh2 Qf2+ 38. Kh3 Bf1+
39. Kg4 Qf3+ 40. Kg5 Qf6+ 41. Kg4 Qxe6+ 42. Kg5 h6# {White checkmated} 0-1

[Event "ICC tourney 1953 (60 10)"]
[Site "Internet Chess Club"]
[Date "2020.08.08"]
[Round "5"]
[White "Oligarkh"]
[Black "GGuseinov"]
[Result "1-0"]
[ICCResult "Black resigns"]
[WhiteElo "2716"]
[BlackElo "2710"]
[Opening "King's Indian: Four pawns attack"]
[ECO "E76"]
[NIC "KI.31"]
[Time "15:21:31"]
[TimeControl "3600+10"]

1. d4 Nf6 2. c4 g6 3. Nc3 Bg7 4. e4 d6 5. f4 O-O 6. Nf3 e5 7. fxe5 dxe5 8.
d5 Na6 9. Be2 c6 10. O-O Nc5 11. Nd2 a5 12. Kh1 a4 13. Rb1 cxd5 14. cxd5 Bd7
15. b4 axb3 16. axb3 b5 17. b4 Na4 18. Nxa4 Rxa4 19. Bd3 Ng4 20. Nf3 Ra2 21.
Qb3 Rf2 22. Bg5 Bf6 23. Bd2 Qb6 24. h3 Rxd2 25. Nxd2 Nf2+ 26. Kh2 Rc8 27.
Be2 Bg5 28. Qf3 Bxd2 29. Qxf2 Bf4+ 30. g3 Qxf2+ 31. Rxf2 Be3 32. Rf3 Bd4 33.
Bd3 Ra8 34. Rc1 Ra7 35. g4 Kg7 36. Kg3 Bb6 37. g5 Bd8 38. h4 Ra4 39. Rcf1 f6
40. gxf6+ Kf7 41. Bc2 Rxb4 42. Ra1 Rc4 43. Bb3 Rxe4 44. d6+ {Black resigns}
1-0

[Event "ICC tourney 1953 (60 10)"]
[Site "Internet Chess Club"]
[Date "2020.08.08"]
[Round "5"]
[White "babadroga92"]
[Black "PawnEatingZombi"]
[Result "1-0"]
[ICCResult "Black resigns"]
[WhiteElo "2279"]
[BlackElo "2180"]
[Opening "Caro-Kann: advance variation"]
[ECO "B12"]
[NIC "CK.04"]
[Time "15:21:20"]
[TimeControl "3600+10"]

1. e4 c6 2. d4 d5 3. e5 Bf5 4. Nd2 e6 5. Nb3 Nd7 6. Nf3 Bg6 7. Be2 Nh6 8.
O-O Nf5 9. a4 Rc8 10. a5 a6 11. c4 Be7 12. Re1 O-O 13. Bf4 Nh4 14. Nbd2
Nxf3+ 15. Nxf3 Be4 16. c5 Qe8 17. Nd2 Bg6 18. Bg4 Rb8 19. Bg3 Bd8 20. f4 Bc7
21. Ra3 Qd8 22. b4 Re8 23. Qf3 Bf5 24. h3 Nf8 25. Qf2 Qd7 26. Bd1 f6 27.
exf6 gxf6 28. Bh4 e5 29. g4 Be4 30. Nxe4 dxe4 31. Bb3+ {Black resigns} 1-0

[Event "ICC tourney 1953 (60 10)"]
[Site "Internet Chess Club"]
[Date "2020.08.08"]
[Round "5"]
[White "Visam"]
[Black "Mookmookarmy"]
[Result "0-1"]
[ICCResult "White resigns"]
[WhiteElo "2548"]
[BlackElo "2294"]
[Opening "Réti: King's Indian attack"]
[ECO "A05"]
[NIC "QP.11"]
[Time "15:22:08"]
[TimeControl "3600+10"]

1. Nf3 Nf6 2. g3 g6 3. Bg2 Bg7 4. O-O O-O 5. d4 d6 6. b3 c5 7. Bb2 cxd4 8.
Nxd4 d5 9. c4 e5 10. Nc2 d4 11. e3 d3 12. Ne1 e4 13. Nd2 Bf5 14. Rc1 Nbd7
15. h3 h5 16. f3 Qc7 17. g4 exf3 18. gxf5 fxg2 19. Nxg2 Rad8 20. Qf3 g5 21.
Rcd1 Rfe8 22. Bd4 a5 23. Nb1 Ne5 24. Bxe5 Qxe5 25. Qxb7 g4 26. h4 Bh6 27.
Rfe1 Qg3 28. Nd2 Rxe3 29. Nf1 Rxe1 30. Rxe1 Qd6 31. Rd1 Re8 32. a3 Re2 33.
b4 Qd4+ 34. Kh1 Ne4 35. Qb8+ Bf8 36. Rb1 d2 {White resigns} 0-1

[Event "ICC tourney 1953 (60 10)"]
[Site "Internet Chess Club"]
[Date "2020.08.08"]
[Round "5"]
[White "JosephLevine"]
[Black "edmehu"]
[Result "0-1"]
[ICCResult "White checkmated"]
[WhiteElo "2162"]
[BlackElo "2286"]
[Opening "Sicilian: accelerated fianchetto, modern variation with Bc4"]
[ECO "B35"]
[NIC "SI.34"]
[Time "15:21:33"]
[TimeControl "3600+10"]

1. e4 c5 2. Nf3 Nc6 3. d4 cxd4 4. Nxd4 Nf6 5. Nc3 g6 6. Be3 Bg7 7. Bc4 O-O
8. Bb3 d6 9. f3 Bd7 10. Qd2 Rc8 11. O-O-O Ne5 12. Kb1 Nc4 13. Bxc4 Rxc4 14.
g4 b5 15. b3 b4 16. bxc4 bxc3 17. Qxc3 Qc7 18. Ka1 Rc8 19. Rb1 h5 20. g5 Nh7
21. Rb3 Nf8 22. Rhb1 Ne6 23. f4 Nc5 24. Qe1 Bc6 25. Bf2 Bxe4 26. R1b2 Nxb3+
27. cxb3 d5 28. Rd2 Qxf4 29. cxd5 Bxd5 30. Be3 Qc7 31. Re2 Bf3 32. Rb2 Be4
33. a4 Rd8 34. Qf2 Qd6 35. Nb5 Qd1+ 36. Ka2 a6 37. Na3 Bxb2 38. Qxb2 Rd3 39.
Bf4 Bd5 40. Nc4 Bxc4 41. bxc4 Qxa4+ 42. Kb1 Rb3 43. Be5 Rxb2+ 44. Bxb2 Qxc4
45. h3 Qd3+ 46. Ka1 Qxh3 47. Ka2 Qf5 48. Bc1 e5 49. Ka1 e4 50. Kb2 Qf3 51.
Kc2 e3 52. Kb1 e2 53. Bd2 Qd3+ 54. Kc1 h4 55. Ba5 Qd1+ 56. Kb2 e1=Q 57. Bxe1
Qxe1 58. Kb3 h3 59. Kc4 h2 60. Kc5 h1=Q 61. Kb6 Qd5 62. Ka7 Qb4 63. Kxa6
Qa8# {White checkmated} 0-1

[Event "ICC tourney 1953 (60 10)"]
[Site "Internet Chess Club"]
[Date "2020.08.08"]
[Round "5"]
[White "musk6868"]
[Black "largecrab"]
[Result "0-1"]
[ICCResult "White resigns"]
[WhiteElo "2017"]
[BlackElo "2212"]
[Opening "Sicilian: Alapin's variation (2.c3)"]
[ECO "B22"]
[NIC "SI.46"]
[Time "15:26:17"]
[TimeControl "3600+10"]

1. e4 c5 2. c3 d5 3. exd5 Qxd5 4. d4 Nc6 5. Nf3 Bg4 6. dxc5 Qxd1+ 7. Kxd1 e5
8. b4 e4 9. h3 Bh5 10. g4 exf3 11. gxh5 Nf6 12. Kc2 a5 13. Bb5 axb4 14. Re1+
Kd8 15. Bxc6 b3+ 16. Kxb3 bxc6 17. Be3 Ne4 18. a4 Bxc5 19. Bxc5 Nxc5+ 20.
Kc4 Nxa4 21. Nd2 Kc7 22. Nxf3 Nb6+ 23. Kc5 Na4+ 24. Kc4 Nb6+ 25. Kc5 Nd7+
26. Kc4 Rhe8 27. Rxa8 Rxa8 28. Re7 Ra4+ 29. Kd3 Rf4 30. Ke3 Rf5 31. Ke4 Rxh5
32. Rxf7 Kd6 33. Rxg7 Nc5+ 34. Ke3 Rxh3 35. Rg3 Rh5 36. Rg7 Ne6 37. Ra7 Rh3
38. Ke4 Nc5+ 39. Ke3 h5 40. Rh7 Ne6 41. Ke2 Rxf3 42. Rxh5 Nf4+ 43. Kxf3 Nxh5
44. Ke4 Nf6+ 45. Kf5 Nd5 46. c4 Nb6 47. c5+ Kxc5 48. Ke6 Kd4 49. f4 Nd5 50.
f5 c5 {White resigns} 0-1

[Event "ICC tourney 1953 (60 10)"]
[Site "Internet Chess Club"]
[Date "2020.08.08"]
[Round "5"]
[White "CaptK"]
[Black "Falstaf"]
[Result "1/2-1/2"]
[ICCResult "Game drawn because neither player has mating material"]
[WhiteElo "2311"]
[BlackElo "2640"]
[Opening "King's Indian: fianchetto, classical variation, 8.e4"]
[ECO "E68"]
[NIC "KI.64"]
[Time "15:22:08"]
[TimeControl "3600+10"]

1. d4 Nf6 2. c4 g6 3. g3 Bg7 4. Bg2 O-O 5. Nc3 d6 6. Nf3 Nbd7 7. O-O e5 8.
e4 Re8 9. Be3 Ng4 10. Bg5 f6 11. Bc1 Nh6 12. Be3 Ng4 13. Bc1 c6 14. h3 Nh6
15. Be3 Nf7 16. Qc2 Qe7 17. Rad1 a6 18. a3 Bh6 19. Bxh6 Nxh6 20. b4 Nf7 21.
c5 dxc5 22. dxc5 a5 23. Na4 axb4 24. axb4 Rb8 25. Rfe1 b6 26. cxb6 Nxb6 27.
Nc5 Kg7 28. Nd2 Nd7 29. Rb1 Nxc5 30. Qxc5 Ng5 31. Qxe7+ Rxe7 32. h4 Nh3+ 33.
Bxh3 Bxh3 34. Nc4 Reb7 35. Na5 Rxb4 36. Rxb4 Rxb4 37. Nxc6 Ra4 38. Ne7 Bg4
39. Re3 Be6 40. Nd5 Bxd5 41. exd5 Rd4 42. Kg2 h5 43. Ra3 Rxd5 44. Ra7+ Kh6
45. Ra6 Kg7 46. Ra7+ Kf8 47. Kf3 Rd8 48. Ke3 Re8 49. Rb7 Re7 50. Rb6 Kf7 51.
Ra6 Rb7 52. Ke2 Ke7 53. Ke3 Rb3+ 54. Ke2 Rc3 55. Kd2 Rc5 56. Ke3 Rb5 57. Ke2
Rd5 58. Ke3 Rd6 59. Ra7+ Ke6 60. Rg7 Kf5 61. Ra7 Rb6 62. Ra3 Rb2 63. Kf3 Rd2
64. Ra6 Rb2 65. Rc6 Rb1 66. Ra6 Rg1 67. Ra5 g5 68. hxg5 fxg5 69. Ra8 e4+ 70.
Ke2 Rb1 71. Rf8+ Kg4 72. Re8 Rb2+ 73. Kf1 Kh3 74. Rxe4 Rb1+ 75. Ke2 Kg2 76.
Re5 g4 77. Rxh5 Rb2+ 78. Ke1 Rxf2 79. Rg5 Rf1+ 80. Ke2 Rf2+ 81. Ke1 Kxg3 82.
Rxg4+ Kxg4 83. Kxf2 {Game drawn because neither player has mating material}
1/2-1/2

[Event "ICC tourney 1953 (60 10)"]
[Site "Internet Chess Club"]
[Date "2020.08.08"]
[Round "5"]
[White "Jupiter435"]
[Black "VerdeNotte"]
[Result "0-1"]
[ICCResult "White resigns"]
[WhiteElo "2396"]
[BlackElo "2753"]
[Opening "Sicilian: Hungarian variation"]
[ECO "A04"]
[NIC "QP.11"]
[Time "15:21:36"]
[TimeControl "3600+10"]

1. Nf3 g6 2. e4 c5 3. d4 cxd4 4. Qxd4 Nf6 5. Nc3 Nc6 6. Qa4 d6 7. e5 dxe5 8.
Nxe5 Bg7 9. Bb5 Bd7 10. Nxc6 bxc6 11. Bxc6 O-O 12. O-O Bxc6 13. Qxc6 Rb8 14.
Re1 Re8 15. Qa4 a5 16. Bg5 Nd5 17. Nxd5 Qxd5 18. Bf4 Qb5 19. Qe4 e5 20. Bd2
f5 21. Qe2 Qxe2 22. Rxe2 Rxb2 23. Bxa5 e4 24. Rae1 Ra8 25. Bc7 Rc8 26. Bf4
Rcxc2 27. Rxc2 Rxc2 28. g4 Rxa2 29. gxf5 gxf5 30. Rd1 Kf7 31. Rd7+ Kg6 32.
Rd6+ Kh5 33. Rd7 Bf6 34. h3 Kg6 35. Rd6 Kf7 36. Rd7+ Ke6 37. Rxh7 Bd4 38.
Rh6+ Kf7 39. Bg3 e3 40. Rh7+ Kg6 41. Re7 e2 42. Kg2 Bc3 43. Re6+ Kf7 44. Re3
e1=Q 45. Rxe1 Bxe1 46. Kf3 Kg6 47. h4 Kh5 48. Kg2 f4 49. Bxf4 Rxf2+ 50. Kg3
Rf1+ {White resigns} 0-1

[Event "ICC tourney 1953 (60 10)"]
[Site "Internet Chess Club"]
[Date "2020.08.08"]
[Round "5"]
[White "Murzin"]
[Black "speedskater"]
[Result "1-0"]
[ICCResult "Black resigns"]
[WhiteElo "2618"]
[BlackElo "2640"]
[Opening "French: Winawer, advance, positional main line"]
[ECO "C19"]
[NIC "FR.12"]
[Time "15:21:28"]
[TimeControl "3600+10"]

1. e4 e6 2. d4 d5 3. Nc3 Bb4 4. e5 Ne7 5. a3 Bxc3+ 6. bxc3 c5 7. Nf3 b6 8.
Bb5+ Bd7 9. Bd3 Ba4 10. O-O Nbc6 11. Be3 c4 12. Be2 h6 13. Nd2 Kd7 14. f4
Qg8 15. Bf2 Qh7 16. Ra2 Raf8 17. Bf3 f6 18. Kh1 fxe5 19. fxe5 Kc7 20. Bg1
Nf5 21. Qe1 h5 22. Rf2 g5 23. Nf1 Nce7 24. Bd1 g4 25. Ra1 Qg6 26. Qd2 g3 27.
Rf3 gxh2 28. Bxh2 h4 29. Kg1 Kb7 30. Rf4 Ng3 31. Bf3 Nxf1 32. Rxf1 Rxf4 33.
Qxf4 Bxc2 34. Qf6 Rh7 35. Bf4 Qg8 36. Bg5 h3 37. gxh3 Rf7 38. Qxf7 Qxg5+ 39.
Kh1 Qh4 40. Bg4 Ka6 41. Qf2 Be4+ 42. Kh2 Qh6 43. Qf4 Qg7 44. Qf6 Qh7 45.
Qxe6 {Black resigns} 1-0

[Event "ICC tourney 1953 (60 10)"]
[Site "Internet Chess Club"]
[Date "2020.08.08"]
[Round "5"]
[White "dopolian"]
[Black "Sparta250"]
[Result "0-1"]
[ICCResult "White resigns"]
[WhiteElo "2355"]
[BlackElo "2732"]
[Opening "Caro-Kann: two knights variation"]
[ECO "B11"]
[NIC "CK.01"]
[Time "15:21:18"]
[TimeControl "3600+10"]

1. e4 c6 2. Nc3 d5 3. Nf3 Nf6 4. e5 Ne4 5. d4 Nxc3 6. bxc3 c5 7. Be2 Nc6 8.
O-O g6 9. dxc5 Bg7 10. Bf4 O-O 11. c4 dxc4 12. Qxd8 Rxd8 13. Bxc4 Bg4 14.
Ng5 e6 15. Rfe1 Rd4 16. Re4 Rad8 17. Bd3 R4d5 18. Rb1 h6 19. Nf3 R8d7 20.
Nd2 Bf5 21. Re3 Rxc5 22. Ne4 Bxe4 23. Bxe4 g5 24. Bg3 Nxe5 25. Bxe5 Bxe5 26.
Rd3 Rdc7 27. g3 b6 28. Rdb3 Rc4 29. Rb4 Bc3 30. Rxc4 Rxc4 31. Bd3 Ra4 32.
Rb3 Be5 33. a3 Bd6 34. Bb5 Rxa3 35. Rxa3 Bxa3 36. Kg2 Kg7 37. Kf3 Bc5 38.
Ke2 g4 39. f3 gxf3+ 40. Kxf3 f5 41. Ke2 a5 42. Ba4 Kf6 43. Bb5 e5 44. Bd7 e4
45. Kd1 Bg1 46. h3 Bf2 47. g4 f4 48. Bc6 Ke5 49. c3 f3 {White resigns} 0-1

[Event "ICC tourney 1953 (60 10)"]
[Site "Internet Chess Club"]
[Date "2020.08.08"]
[Round "5"]
[White "shianen"]
[Black "tangent"]
[Result "1-0"]
[ICCResult "Black checkmated"]
[WhiteElo "2222"]
[BlackElo "2281"]
[Opening "Queen's Indian: Petrosian system"]
[ECO "E12"]
[NIC "QI.04"]
[Time "15:21:21"]
[TimeControl "3600+10"]

1. d4 Nf6 2. c4 e6 3. Nf3 b6 4. a3 Bb7 5. Nc3 d5 6. cxd5 Nxd5 7. Qc2 Be7 8.
Bd2 Nd7 9. e4 Nxc3 10. Bxc3 Bf6 11. Bc4 Qc8 12. Rd1 Ba6 13. Qe2 Bxc4 14.
Qxc4 O-O 15. O-O c6 16. Qe2 Qc7 17. Rd3 Rfe8 18. e5 Be7 19. Nd2 Nf8 20. Ne4
f5 21. exf6 Bxf6 22. Qg4 Ng6 23. Rf3 Qd8 24. Re1 e5 25. Nxf6+ gxf6 26. h4
exd4 27. Rxe8+ Qxe8 28. Bxd4 Qe1+ 29. Kh2 Re8 30. Bxf6 Re6 31. Qg5 Re4 32.
Qh6 Re7 33. Bxe7 Qxe7 34. Qg5 Qxg5 35. hxg5 Ne5 36. Rc3 c5 37. f4 Nc6 38.
Kg3 Nd4 39. Kg4 Kf7 40. Re3 Kg6 41. Re5 a5 42. f5+ Kf7 43. f6 Nc6 44. Re4 b5
45. Kf5 a4 46. Rh4 Kg8 47. Ke6 Nd4+ 48. Kd5 Nb3 49. Re4 Kf7 50. Re7+ Kg8 51.
Rg7+ Kh8 52. Rb7 Nd4 53. Rb8# {Black checkmated} 1-0

[Event "ICC tourney 1953 (60 10)"]
[Site "Internet Chess Club"]
[Date "2020.08.08"]
[Round "5"]
[White "Terry1234"]
[Black "rjc64uk"]
[Result "1-0"]
[ICCResult "Black resigns"]
[WhiteElo "2239"]
[BlackElo "2086"]
[Opening "Old Indian: main line"]
[ECO "A55"]
[NIC "OI.01"]
[Time "15:21:17"]
[TimeControl "3600+10"]

1. d4 Nf6 2. c4 d6 3. Nf3 Nbd7 4. Nc3 e5 5. e4 Be7 6. Be2 O-O 7. O-O c6 8.
Re1 Qc7 9. Bf1 Re8 10. d5 cxd5 11. cxd5 a6 12. h3 b5 13. Be3 b4 14. Na4 Nxe4
15. Rc1 Qb8 16. Rc6 Bb7 17. Rc4 Nef6 18. Rxb4 Nxd5 19. Rb3 Nxe3 20. Rexe3 d5
21. Re2 Bd6 22. Rd2 Nf6 23. Nb6 Qa7 24. Nxa8 Bxa8 25. Re3 Bc7 26. Qa4 Re6
27. Ng5 Rc6 28. Rc2 Rxc2 29. Qxc2 d4 30. Rxe5 h6 31. Rc5 Bd6 32. Rc8+ Bf8
33. Rc7 Qb6 34. Nxf7 Nd5 35. Rd7 Nb4 36. Qf5 Qf6 37. Nxh6+ Kh8 38. Nf7+ Kg8
39. Qh5 g6 40. Qe5 Bg7 41. Qb8+ Kh7 42. Qxa8 d3 43. Qf3 Qxb2 44. Bxd3 Qc1+
45. Bf1 Nxa2 46. Rd1 Qc5 47. Rd5 Qc1 48. Ng5+ Kh6 49. Ne4 Qc7 50. Qe3+ Kh7
51. Ng5+ Kg8 52. Qe6+ Kh8 53. Rd8+ Bf8 54. Rxf8+ Kg7 55. Qf6+ {Black
resigns} 1-0

[Event "ICC tourney 1953 (60 10)"]
[Site "Internet Chess Club"]
[Date "2020.08.08"]
[Round "5"]
[White "AlexW2007"]
[Black "londonkid"]
[Result "0-1"]
[ICCResult "White resigns"]
[WhiteElo "2154"]
[BlackElo "2136"]
[Opening "Queen's Indian: Capablanca variation"]
[ECO "E16"]
[NIC "QI.06"]
[Time "15:21:12"]
[TimeControl "3600+10"]

1. d4 Nf6 2. c4 e6 3. Nf3 b6 4. g3 Bb7 5. Bg2 Bb4+ 6. Bd2 Bxd2+ 7. Nbxd2 c5
8. dxc5 bxc5 9. O-O O-O 10. Nb3 d6 11. Rc1 Qc7 12. Qd2 Nc6 13. Rfd1 Rfd8 14.
Qf4 e5 15. Qd2 a5 16. Na1 Nd4 17. Nxd4 exd4 18. Bxb7 Qxb7 19. b3 Re8 20. f3
h5 21. Nc2 h4 22. Re1 Re5 23. Kf2 Rae8 24. g4 Nxg4+ 25. fxg4 h3 26. e4 dxe3+
27. Nxe3 Qe4 28. Kg3 Qg6 29. Nd5 f5 30. g5 Qh5 31. Kf2 Qg4 32. Re3 f4 33.
Rxe5 Qg2+ 34. Ke1 Rxe5+ 35. Kd1 Qf3+ {White resigns} 0-1

[Event "ICC tourney 1953 (60 10)"]
[Site "Internet Chess Club"]
[Date "2020.08.08"]
[Round "5"]
[White "Kalmyk"]
[Black "rhungaski"]
[Result "1-0"]
[ICCResult "Black resigns"]
[WhiteElo "2751"]
[BlackElo "2579"]
[Opening "Sicilian: Labourdonnais-Löwenthal variation"]
[ECO "B32"]
[NIC "SI.32"]
[Time "15:21:41"]
[TimeControl "3600+10"]

1. e4 c5 2. Nf3 Nc6 3. d4 cxd4 4. Nxd4 e5 5. Nb3 Nf6 6. Bg5 h6 7. Bxf6 Qxf6
8. Be2 Bb4+ 9. N1d2 d6 10. O-O Be6 11. Nc4 O-O 12. Ne3 Nd4 13. Bg4 Nxb3 14.
axb3 Qf4 15. Bf5 Bc5 16. Nd5 Bxd5 17. Qxd5 b5 18. Rad1 a5 19. Rd3 Ra7 20.
Rg3 Qh4 21. Bg4 b4 22. Be2 Kh7 23. Bc4 g6 24. Kh1 h5 25. Rh3 Qg4 26. Rg3 Qh4
27. Qd3 Kg7 28. Qe2 Qf4 29. Rf3 Qg5 30. Rd3 Re7 31. Rg3 Qf4 32. Bd5 Ra7 33.
c3 Rb8 34. Bc4 Re7 35. Rf3 Qg5 36. Rd3 h4 37. Ra1 Ra7 38. Rh3 Rh8 39. Rf1
Re7 40. Qd3 Qg4 41. Qd5 Rh5 42. Rf3 h3 43. Rxf7+ Kh6 44. Rg1 Rxf7 45. Qxf7
Qxe4 46. Qf8+ Kg5 47. Bd3 Qb7 48. Qg8 Rh6 49. Qd8+ Kf4 50. Qf6+ Kg4 51. Be2+
{Black resigns}
1-0

[Event "ICC tourney 1953 (60 10)"]
[Site "Internet Chess Club"]
[Date "2020.08.08"]
[Round "5"]
[White "lmperatorX"]
[Black "esrosenberg"]
[Result "1-0"]
[ICCResult "Black checkmated"]
[WhiteElo "2127"]
[BlackElo "2174"]
[Opening "Giuoco Pianissimo"]
[ECO "C55"]
[NIC "IG.01"]
[Time "15:21:29"]
[TimeControl "3600+10"]

1. e4 e5 2. Nf3 Nc6 3. Bc4 Nf6 4. d3 Bc5 5. c3 a6 6. a4 d6 7. O-O Ba7 8.
Nbd2 h6 9. Re1 Ng4 10. Re2 Be6 11. Bxe6 fxe6 12. h3 Nf6 13. b4 O-O 14. Ba3
Nh5 15. b5 axb5 16. axb5 Ne7 17. d4 exd4 18. cxd4 Nf4 19. Re3 e5 20. Nc4
exd4 21. Nxd4 d5 22. b6 dxc4 23. bxa7 Rf6 24. Bxe7 Qxe7 25. Nf5 Qe5 26. Ra2
Rg6 27. g3 Kh7 28. Nh4 Nxh3+ 29. Kh2 Rd6 30. Qe2 Qe6 31. Nf5 Rd3 32. Rxd3
cxd3 33. Qb2 Qd7 34. Kxh3 g6 35. Qxb7 gxf5 36. Qxa8 f4+ 37. Kg2 f3+ 38. Kh2
d2 39. Ra1 Qd4 40. Rf1 d1=Q 41. Rxd1 Qxd1 42. Qc6 Qe2 43. Qxc7+ Kg6 44. Qd6+
Kf7 45. a8=Q Qxf2+ 46. Kh3 Qg2+ 47. Kg4 h5+ 48. Kf4 Qh3 49. Qaf8#
{Black checkmated}
1-0

[Event "ICC tourney 1953 (60 10)"]
[Site "Internet Chess Club"]
[Date "2020.08.08"]
[Round "5"]
[White "Plato"]
[Black "justinchess"]
[Result "0-1"]
[ICCResult "White resigns"]
[WhiteElo "2070"]
[BlackElo "2391"]
[Opening "Sicilian"]
[ECO "B50"]
[NIC "SI.01"]
[Time "15:21:23"]
[TimeControl "3600+10"]

1. e4 c5 2. Nf3 d6 3. c3 Nf6 4. Be2 Nbd7 5. d3 g6 6. O-O Bg7 7. Re1 O-O 8.
Bf1 e5 9. d4 Qe7 10. dxe5 Nxe5 11. Nxe5 dxe5 12. Bc4 b6 13. Bg5 Bb7 14. Bxf6
Qxf6 15. Nd2 Rad8 16. Qc2 Bh6 17. Nf1 Rd6 18. Ne3 Bxe3 19. Rxe3 Qf4 20. Rd1
Rxd1+ 21. Qxd1 Bxe4 22. Qe2 Bc6 23. Rxe5 Qc1+ 24. Qe1 Qxb2 25. h4 b5 26.
Rxc5 Re8 27. Qd1 bxc4 28. Rxc6 Qxc3 29. Qg4 Qe1+ 30. Kh2 Qxf2 31. Qxc4 Re1
32. Qg4 Qg1+ 33. Kg3 Re3+ 34. Kf4 Qf2+ 35. Kg5 Rg3 36. Kh6 Qd2+ 37. Qg5
Qxg5+ 38. hxg5 f5 39. gxf6 Rxg2 40. Ra6 Rh2+ 41. Kg5 Rh5+ 42. Kg4 Rf5 43. a4
h5+ 44. Kh4 Kf7 45. a5 Rb5 46. Rxa7+ Kxf6 47. a6 Rb4+ 48. Kg3 g5 49. Ra8
Rb3+ 50. Kg2 Kg7 51. a7 Ra3 52. Kh2 g4 53. Kg2 Kh7 54. Kh2 h4 55. Kg2 Ra2+
56. Kg1 g3 57. Rb8 Rxa7 58. Rb4 Ra1+ 59. Kg2 Ra2+ 60. Kg1 Rh2 61. Rg4 Kh6
62. Rg8 Kh5 63. Rg7 Ra2 64. Rg8 Rb2 65. Rg7 Rb1+ 66. Kg2 Rb2+ 67. Kg1 Rd2
68. Rg8 Rd5 69. Kg2 Rg5 70. Rh8+ Kg4 71. Rh7 Re5 72. Rg7+ Kf5 73. Rh7 Re2+
74. Kg1 Kg4 75. Ra7 Rb2 76. Ra1 h3 77. Ra4+ Kf5 78. Ra5+ Ke4 79. Ra4+ Kd5
80. Ra5+ Kc4 81. Ra1 Kb3 82. Re1 Ka2 {White resigns} 0-1

[Event "ICC tourney 1953 (60 10)"]
[Site "Internet Chess Club"]
[Date "2020.08.08"]
[Round "5"]
[White "chessshrinker"]
[Black "espark"]
[Result "0-1"]
[ICCResult "White resigns"]
[WhiteElo "2177"]
[BlackElo "2309"]
[Opening "Polish (Sokolsky) opening"]
[ECO "A00"]
[NIC "VO.10"]
[Time "15:21:51"]
[TimeControl "3600+10"]

1. b4 e5 2. Bb2 d6 3. e3 Nf6 4. h3 Be7 5. Ne2 b6 6. g4 Bb7 7. Rg1 O-O 8. Ng3
c5 9. a3 Na6 10. b5 Nc7 11. a4 Nd7 12. Nf5 g6 13. Nxe7+ Qxe7 14. d3 a6 15.
c4 d5 16. Bg2 axb5 17. axb5 Rxa1 18. Bxa1 Ba8 19. cxd5 Bxd5 20. Bxd5 Nxd5
21. Qb3 Nb4 22. Ke2 Rd8 23. Na3 Nf8 24. Rd1 Nd7 25. Nc4 Qe6 26. Bc3 Nd5 27.
Ra1 e4 28. Bb2 exd3+ 29. Kxd3 Nf4+ 30. exf4 Ne5+ 31. Kc2 Nxc4 32. Be5 Qd5
33. Qc3 Qe4+ 34. Kb3 Nxe5 35. fxe5 Rd3 {White resigns} 0-1